Map: 国王藏宝地-天梯版

Players

Bly - Winner!

  • Race: Zerg Zerg

iGMacSed (MacSed)

  • Race: Protoss Protoss

Event: WESG 2018 Grand Finals

VOD

Have the link to the VOD?

Description

Time

  • Played on: March 12, 2019, 4:14 a.m.
  • Length: 6:55

All games in this series

Show
View Real Time Build Order
Export as new Build Order

Bly Zerg - Winner!

Build Orders: 3 Hatch before Pool 

Get SALT Encoding   

  12  0:01  Drone  
  13  0:12  Overlord  
  13  0:18  Drone  
  14  0:32  Drone x2  
  16  0:51  Hatchery  
  16  0:56  Drone  
  16  1:15  Hatchery  
  15  1:19  Drone  
  15  1:23  Drone  
  17  1:26  Drone  
  18  1:37  Extractor  
  17  1:42  Spawning Pool  
  16  1:47  Drone  
  16  1:49  Drone  
  16  1:54  Evolution Chamber  
  18  1:55  Drone  
  20  2:12  Drone x2  
  22  2:21  Overlord  
  22  2:27  Extractor  
  22  2:29  Queen x2  
  25  2:30  Zergling x4  
  25  2:31  Zergling x2  
  28  2:41  Metabolic Boost, Drone x2  
  30  2:47  Drone x2  
  32  2:59  Drone x2  
  33  3:08  Queen  
  33  3:09  Overlord  
  34  3:23  Hatchery  
  34  3:25  Drone x3  
  36  3:30  Drone x2  
  38  3:41  Drone x2  
  38  3:42  Drone x4  
  38  3:45  Overlord  
  44  3:51  Overlord  
  44  4:00  Overlord  
  44  4:01  Overlord  
  44  4:10  Drone x5  
  44  4:16  Drone  
  50  4:17  Drone x2  
  50  4:19  Drone x2  
  54  4:28  Drone  
  55  4:33  Overlord  
  55  4:34  Queen  
  55  4:35  Queen  
  55  4:36  Drone  
  60  4:40  Drone  
  60  4:41  Lair  
  60  4:42  Drone  
  60  4:43  Drone x2  
  64  4:45  Drone  
  64  4:46  Drone  
  64  4:48  Spore Crawler  
  64  4:50  Spore Crawler  
  64  4:51  Spore Crawler  
  63  4:55  Zergling x8  
  67  5:01  Overlord  
  67  5:03  Overlord  
  67  5:04  Drone  
  68  5:08  Extractor  
  68  5:10  Queen, Extractor  
  64  5:18  Drone x8  
  72  5:23  Extractor  
  72  5:25  Overlord  
  70  5:30  Roach Warren  
  68  5:40  Overlord  
  66  5:46  Queen x2  
  66  5:47  Queen  
  72  5:50  Nydus Network  
  71  6:10  Roach x12  
  95  6:21  Roach x5  
  100  6:26  Nydus Canal  
  100  6:32  Roach x4  
  108  6:35  Overlord  
  108  6:47  Nydus Canal  
Show
View Real Time Build Order
Export as new Build Order

iGMacSed Protoss 

Build Orders: Phoenix Opening 

Get SALT Encoding   

  12  0:00  Probe  
  13  0:12  Probe  
  14  0:18  Pylon  
  14  0:24  Probe  
  15  0:32  Probe  
  15  0:39  Gateway  
  15  0:40  Probe  
  16  0:48  Assimilator  
  17  0:51  Probe  
  18  1:03  Probe  
  19  1:15  Probe  
  20  1:18  Zealot  
  20  1:27  Probe  
  20  1:28  Cybernetics Core  
  20  1:31  Pylon  
  23  1:49  Probe  
  24  1:58  Adept  
  27  2:12  Warp Gate  
  26  2:21  Nexus  
  26  2:26  Probe  
  27  2:33  Pylon  
  27  2:37  Adept  
  29  2:45  Probe  
  30  2:53  Assimilator  
  30  2:57  Probe  
  31  3:09  Probe, Stargate  
  32  3:20  Adept  
  32  3:21  Probe  
  33  3:31  Probe  
  33  3:32  Probe  
  34  3:39  Probe  
  34  3:40  Probe  
  35  3:46  Gateway  
  35  3:47  Probe  
  37  3:50  Probe, Phoenix  
  41  3:58  Assimilator  
  41  3:59  Probe  
  42  4:02  Probe  
  42  4:03  Assimilator  
  42  4:08  Oracle  
  43  4:11  Probe  
  43  4:15  Probe  
  48  4:23  Probe  
  49  4:27  Probe  
  50  4:34  Stargate  
  50  4:36  Probe  
  50  4:37  Pylon  
  51  4:39  Probe  
  52  4:46  Phoenix  
  52  4:51  Pylon  
  54  4:55  Probe x2  
  56  5:05  Phoenix  
  58  5:07  Probe x2  
  58  5:10  Phoenix  
  60  5:19  Probe  
  60  5:20  Pylon  
  60  5:21  Probe  
  64  5:26  Phoenix  
  63  5:30  Phoenix  
  63  5:31  Probe  
  68  5:42  Zealot  
  70  5:46  Nexus  
  70  5:50  Pylon  
  70  5:51  Probe, Phoenix  
  70  5:52  Probe  
  70  5:55  Pylon  
  74  6:03  Probe  
  75  6:05  Phoenix, Robotics Facility  
  75  6:08  Probe  
  78  6:16  Probe  
  79  6:20  Probe  
  80  6:28  Probe  
  80  6:30  Shield Battery  
  85  6:33  Probe, Robotics Facility  
  86  6:40  Probe  
  86  6:42  Zealot x2  
Tags
 
Add a new tag
Caveats
  • Supply blocks, unpowered buildings, or Contaminate may cause inaccurate times.
  • Supply counts are checked every 10 seconds.